 Dungeon Crawl Stone Soup version 0.20-a0-1126-g0f15420 (webtiles) character file.

7481 Conn321 the Thaumaturge (level 10, -2/53 HPs)
             Began as a Deep Elf Fire Elementalist on May 16, 2017.
             Was a High Priest of Sif Muna.
             Slain by a killer bee (11 damage)
             ... on level 9 of the Dungeon.
             The game lasted 00:33:04 (10794 turns).

Conn321 the Thaumaturge (DEFE)                     Turns: 10794, Time: 00:33:05

Health: -2/53      AC:  5    Str:  5    XL:     10   Next: 94%
Magic:  2/29       EV: 15    Int: 24    God:    Sif Muna [*****.]
Gold:   422        SH:  0    Dex: 15    Spells: 10/35 levels left

rFire    . . .     SeeInvis .   f - +6 short sword
rCold    + . .     Gourm    .   (no shield)
rNeg     . . .     Faith    .   a - +2 robe
rPois    .         Spirit   .   e - +0 hat
rElec    .         Reflect  .   L - +0 cloak (curse)
rCorr    .         Harm     .   (no gloves)
MR       +....                  (no boots)
Stlth    +++.......             (no amulet)
Regen    0.2/turn               J - ring of protection from cold
MPRegen  0.3/turn               (no ring)

@: very slightly contaminated
A: no striking features
a: Divine Energy, Channel Magic, Forget Spell, Renounce Religion


You were on level 9 of the Dungeon.
You worshipped Sif Muna.
Sif Muna was extremely pleased with you.
You were hungry.

You visited 1 branch of the dungeon, and saw 9 of its levels.

You collected 422 gold pieces.

Inventory:

Hand Weapons
 f - a +6 short sword (weapon)
 k - a +1 dagger of venom
 r - a +3 spear of freezing
 t - a +0 long sword of freezing
Missiles
 d - 9 tomahawks of dispersal
 j - 2 javelins
 l - 8 throwing nets (quivered)
Armour
 a - a +2 robe (worn)
 e - a +0 hat (worn)
 L - a cursed +0 cloak (worn)
Jewellery
 J - a ring of protection from cold (left hand)
Wands
 p - a wand of confusion (30/48)
 s - a wand of iceblast (9/15)
 w - a wand of polymorph (17/24)
 y - a wand of acid (13/15)
 z - a wand of lightning (11/15)
Scrolls
 h - 5 scrolls of remove curse
 o - 3 scrolls of teleportation
 A - 2 scrolls of identify
 D - a scroll of amnesia
 F - 3 scrolls of immolation
Potions
 i - 3 potions of heal wounds {unknown}
 n - 3 potions of ambrosia {unknown}
 q - a potion of haste {unknown}
 u - 4 potions of curing
 x - 2 potions of mutation {unknown}
 C - a potion of flight {unknown}
 G - a potion of invisibility {unknown}
 K - 2 potions of might {unknown}
Books
 b - a book of Flames

   Spells                             Type                      Level
   a - Flame Tongue                   Conjuration/Fire             1
   b - Throw Flame                    Conjuration/Fire             2
   c - Conjure Flame                  Conjuration/Fire             3
   d - Inner Flame                    Hexes/Fire                   3
   e - Sticky Flame                   Conjuration/Fire             4
   f - Fireball                       Conjuration/Fire             5
 B - Sif Muna's Handbook of Lethal Evil
   (Sif Muna gifted it to you on level 8 of the Dungeon)

   Spells                             Type                      Level
   a - Throw Frost                    Conjuration/Ice              2
   b - Bolt of Cold                   Conjuration/Ice              6
   c - Iron Shot                      Conjuration/Earth            6
   d - Bolt of Fire                   Conjuration/Fire             6
   e - Death's Door                   Charms/Necromancy            8
 H - a book of Changes

   Spells                             Type                      Level
   a - Beastly Appendage              Transmutation                1
   b - Sticks to Snakes               Transmutation                2
   c - Spider Form                    Transmutation/Poison         3
   d - Ice Form                       Ice/Transmutation            4
   e - Blade Hands                    Transmutation                5
Comestibles
 c - 4 bread rations
 g - 5 royal jellies
 m - 5 meat rations
 E - 3 chunks of flesh


   Skills:
 + Level 1.7 Fighting
 + Level 2.1 Short Blades
 + Level 5.1 Dodging
 + Level 5.6 Stealth
 * Level 13.2 Spellcasting
 * Level 9.7 Conjurations
 + Level 8.4 Fire Magic
 * Level 3.0 Invocations


You had 10 spell levels left.
You knew the following spells:

 Your Spells              Type           Power        Failure   Level  Hunger
a - Flame Tongue          Conj/Fire      #####        1%          1    None
b - Conjure Flame         Conj/Fire      ######..     1%          3    None
c - Sticky Flame          Conj/Fire      ######..     1%          4    None
d - Fireball              Conj/Fire      ######....   2%          5    ###....
e - Bolt of Fire          Conj/Fire      ######....   14%         6    #####..
f - Iron Shot             Conj/Erth      #####.....   61%         6    #####..


Dungeon Overview and Level Annotations

Branches:
Dungeon (9/15)             Temple (0/1) D:4            Lair (0/6) D:9
    Orc: D:9-12

Altars:
Fedhas
Gozag
Hepliaklqana
Makhleb
Sif Muna


Message History

Confirm with . or Enter, or press ? or * to list all spells.
Aiming: Fireball
Press: ? - help, Shift-Dir - straight line, f - killer bee
Aim: a killer bee (berserk, fast, unusually strong)
The fireball explodes!
The fireball engulfs the killer bee.
The killer bee is severely wounded.
The fireball engulfs the crimson imp.
The crimson imp completely resists.
You feel better. The killer bee completely misses you.
The crimson imp blinks!
The killer bee stings you.
* * * LOW HITPOINT WARNING * * *
Evoke which item? (* to show all) (? for menu, Esc to quit)
Aiming: Corrosive Bolt
Press: ? - help, Shift-Dir - straight line, f - crimson imp, p - killer bee
Aim: a crimson imp The bolt of acid misses the killer bee.
The bolt of acid hits the crimson imp.
The crimson imp is splashed with acid.
The acid corrodes the crimson imp!
You kill the crimson imp!
Sif Muna accepts your kill.
This wand has 13 charges left.
The killer bee stings you!
You die...

. ####.#.......#.. .. #.
#.##.....## #)###
##.####.####.## #..†#####
#..............
#..††...###......##.##...
#†..†.###..##..........#
##....# ##.........###.+
#..†...# ####y.....#
......5.# #.@....#
###.....# #.<....#
#%....# #......# #######
#......# #......#
########


You could see a killer bee (berserk).

Vanquished Creatures
  A two-headed ogre (D:8)
  An elephant (D:9)
  A queen bee (D:9)
  3 hippogriffs
  A wyvern (D:8)
  A yak (D:9)
  A basilisk (D:9)
  A water moccasin (D:7)
  2 orc warriors
  3 ice beasts
  6 sky beasts
  4 black bears
  2 phantoms
  5 ogres
  2 crocodiles
  2 centaurs
  A gnoll sergeant (D:3)
  3 bullfrogs
  A water moccasin zombie (D:7)
  3 scorpions
  14 killer bees (D:9)
  5 crimson imps
  A quasit (D:3)
  5 hounds
  2 jellies
  A bullfrog skeleton (D:4)
  A centaur skeleton (D:4)
  An orc priest (D:5)
  6 orc wizards
  3 gnoll shamans (D:3)
  An iguana (D:7)
  Terence (D:1)
  9 worker ants
  A worker ant zombie (D:3)
  50 gnolls
  A howler monkey skeleton (D:5)
  12 adders
  3 oozes
  2 adder skeletons (D:7)
  5 worms
  6 dart slugs
  9 leopard geckos
  18 orcs
  6 giant cockroaches
  8 goblins
  6 hobgoblins
  23 jackals
  19 kobolds
  3 quokkas
  2 ball pythons
  10 bats
  2 frilled lizards
  A jackal skeleton (D:5)
  A leopard gecko skeleton (D:4)
  A leopard gecko zombie (D:9)
  11 rats
294 creatures vanquished.

Notes
Turn   | Place    | Note
-------+----------+-------------------------------------------
     0 | D:1      | Conn321 the Deep Elf Fire Elementalist began the quest for the Orb.
     0 | D:1      | Reached XP level 1. HP: 10/10 MP: 6/6
    86 | D:1      | Reached XP level 2. HP: 9/15 MP: 0/8
   387 | D:1      | Reached XP level 3. HP: 11/19 MP: 0/9
   937 | D:2      | Noticed Terence
  1447 | D:2      | Reached XP level 4. HP: 23/24 MP: 5/11
  1572 | D:2      | Reached skill level 4 in Spellcasting
  1638 | D:2      | Found a deep blue altar of Sif Muna.
  1647 | D:2      | Became a worshipper of Sif Muna the Loreminder
  1752 | D:2      | Learned a level 3 spell: Conjure Flame
  1757 | D:2      | Learned a level 4 spell: Sticky Flame
  1763 | D:2      | Found a blossoming altar of Fedhas.
  1765 | D:2      | Found a deep blue altar of Sif Muna.
  1935 | D:2      | Found a burning altar of Makhleb.
  1976 | D:2      | Reached XP level 5. HP: 17/28 MP: 13/13
  2349 | D:1      | Killed Terence
  2624 | D:3      | Reached skill level 5 in Spellcasting
  2988 | D:3      | Reached * piety under Sif Muna
  3196 | D:3      | Reached XP level 6. HP: 33/33 MP: 11/15
  3292 | D:3      | Reached skill level 5 in Fire Magic
  3292 | D:3      | Reached skill level 6 in Spellcasting
  3314 | D:3      | Reached XP level 7. HP: 29/37 MP: 6/18
  3454 | D:3      | Reached ** piety under Sif Muna
  3919 | D:3      | Reached skill level 5 in Conjurations
  4176 | D:3      | Reached skill level 7 in Spellcasting
  4499 | D:4      | Found a staircase to the Ecumenical Temple.
  4502 | D:4      | Reached skill level 1 in Short Blades
  4706 | D:4      | Reached XP level 8. HP: 42/42 MP: 3/21
  4894 | D:4      | Reached *** piety under Sif Muna
  5140 | D:4      | Reached skill level 8 in Spellcasting
  5710 | D:5      | Entered Level 5 of the Dungeon
  5757 | D:5      | Reached skill level 9 in Spellcasting
  6073 | D:5      | Reached skill level 1 in Fighting
  6073 | D:5      | Reached XP level 9. HP: 18/47 MP: 15/24
  6595 | D:5      | Reached **** piety under Sif Muna
  7003 | D:6      | Reached skill level 10 in Spellcasting
  8193 | D:6      | Learned a level 5 spell: Fireball
  8239 | D:7      | Reached skill level 5 in Stealth
  8420 | D:7      | Reached skill level 11 in Spellcasting
  9155 | D:8      | Found a hazy altar of Hepliaklqana.
  9464 | D:8      | Reached XP level 10. HP: 52/52 MP: 16/27
  9476 | D:8      | Reached ***** piety under Sif Muna
 10359 | D:8      | Received a gift from Sif Muna
 10362 | D:8      | Identified Sif Muna's Handbook of Lethal Evil (Sif Muna gifted it to you on level 8 of the Dungeon)
 10370 | D:8      | Learned a level 6 spell: Bolt of Fire
 10377 | D:8      | Learned a level 6 spell: Iron Shot
 10412 | D:8      | Noticed a two-headed ogre
 10416 | D:8      | Killed a two-headed ogre
 10416 | D:8      | Reached skill level 5 in Dodging
 10416 | D:8      | Reached skill level 12 in Spellcasting
 10416 | D:8      | Reached skill level 1 in Invocations
 10480 | D:9      | Found a staircase to the Lair.
 10480 | D:9      | Noticed an elephant
 10497 | D:9      | Killed an elephant
 10697 | D:9      | Found an opulent altar of Gozag.
 10766 | D:9      | Reached skill level 13 in Spellcasting
 10794 | D:9      | Slain by a killer bee

Vault maps used:
D:1:      evilmike_arrival_run_for_it, serial_glass, glass_columns_a,
          glass_columns_a, kennysheep_doodads
D:2:      nicolae_overflow_hidden_temple, makhleb_grotto_becter, first_bread,
          led_sif_pool, uniq_terence
D:3:      lemuel_castle_with_subvaults
D:4:      minmay_temple_entry_mist
D:5:      kennysheep_generic_room_8
D:6:      minmay_unpleasant_kobolds
D:8:      marbit_many_paths
D:9:      old_standard_altar, david_lair_generic, david_nohive_1

Skill      XL: |  1  2  3  4  5  6  7  8  9 10 |
---------------+-------------------------------+-----
Dodging        | 3 4 5 |  5.1
Fire Magic     | 4 5 6 7 8 |  8.4
Conjurations   | 2 3 4 5 7 8 9 |  9.7
Spellcasting   | 4 5 6 7 9 11 13 | 13.2
Stealth        | 3 4 5 |  5.6
Short Blades   | 1 2 |  2.1
Fighting       | 1 |  1.7
Invocations    | 3 |  3.0

Action                   |  1- 3 |  4- 6 |  7- 9 | 10-12 || total
-------------------------+-------+-------+-------+-------++-------
Melee: Unarmed           |     8 |       |       |       ||     8
       Short sword       |    14 |    32 |    56 |    16 ||   118
       Dagger            |       |    14 |    21 |       ||    35
 Cast: Flame Tongue      |    69 |   111 |   327 |    37 ||   544
       Sticky Flame      |       |     1 |    25 |    14 ||    40
       Conjure Flame     |       |     1 |     6 |     1 ||     8
       Fireball          |       |       |     1 |    16 ||    17
       Bolt of Fire      |       |       |       |     1 ||     1
Invok: Divine Energy     |       |       |     1 |       ||     1
       Stop Divine Energ |       |       |     1 |       ||     1
       Channel Magic     |       |       |       |     2 ||     2
Evoke: Wand              |       |       |       |     1 ||     1
  Use: Scroll            |     1 |     4 |     7 |     7 ||    19
       Potion            |     1 |       |     3 |     3 ||     7
 Stab: Sleeping          |       |       |     8 |     2 ||    10
  Eat: Chunk             |     1 |     6 |    20 |     6 ||    33
Armor: Robe              |    13 |    22 |    11 |    11 ||    57
Dodge: Dodged            |    47 |    77 |   162 |    41 ||   327
